 Dungeon Crawl Stone Soup version 0.19-a0-854-gc78d25d (webtiles) character file.

240959 Implojin the Executioner (level 18, -4/182 HPs)
             Began as a Minotaur Fighter on June 30, 2016.
             Was a High Priest of Okawaru.
             Slain by an ettin simulacrum (5 damage)
             ... on level 2 of the Depths on July 1, 2016.
             The game lasted 01:39:24 (9004 turns).

Implojin the Executioner (Minotaur Fighter)         Turns: 9004, Time: 01:39:24

Health: -4/182     AC: 22    Str: 27    XL:     18   Next: 14%
Magic:  27/32      EV: 29    Int:  5    God:    Okawaru [*****.]
Gold:   368        SH: 15    Dex: 21    Spells: 1 memorised, 16 levels left

rFire  + + .     SeeInvis +     N - +7 broad axe (vamp)
rCold  + . .     Gourm    .     Q - +1 chain mail {rF+}
rNeg   . . .     Faith    .     c - +0 shield
rPois  +         Spirit   .     U - +4 hat "Leimod" {+Inv rPois rF+}
rElec  +         Dismiss  .     k - +0 cloak {rPois}
rCorr  .         Reflect  .     (no gloves)
SustAt +         Harm     .     r - +1 pair of boots "Ehezin" {*Drain +Inv rElec Stlth+}
MR     +....                    g - amulet of the Wary Curses {rPois Regen+ MP+9 Str+4 SInv, wow}
Stlth  ++........               W - ring of protection from cold
                                C - ring of sustain attributes

@: agile, heroism, finesse, slowed, very slow, somewhat resistant to hostile
enchantments, unstealthy
A: retaliatory headbutt, horns 2
a: Heroism, Finesse, Renounce Religion, Evoke Invisibility
}: 3/15 runes: decaying, abyssal, gossamer


You were on level 2 of the Depths.
You worshipped Okawaru.
Okawaru was extremely pleased with you.
You were not hungry.

You visited 6 branches of the dungeon, and saw 33 of its levels.
You visited the Abyss 1 time.
You also visited: Sewer.

You collected 368 gold pieces.

Inventory:

Hand Weapons
 D - the +5 executioner's axe of Unreason {antimagic, rN+ Str+6}
   (Okawaru gifted it to you on level 4 of the Swamp)

   It reduces the magical energy of the wielder, and disrupts the spells and
   magical abilities of those hit.
   Natural abilities and divine invocations are not affected.
   It affects your strength (+6).
   It protects you from negative energy.
 N - a +7 vampiric broad axe (weapon)
Missiles
 e - 4 javelins (quivered)
 Z - 6 curare-tipped needles
Armour
 a - a +0 large shield
 c - a +0 shield (worn)
 j - a +1 scale mail of fire resistance
 k - a +0 cloak of poison resistance (worn)
 n - a +2 pair of boots of stealth
 o - a +0 troll leather armour
 r - the +1 pair of boots "Ehezin" (worn) {*Drain +Inv rElec Stlth+}
   (You found it on level 7 of the Dungeon)

   It insulates you from electricity.
   It lets you turn invisible.
   It causes draining when unequipped.
   It makes you more stealthy.
 s - a +0 chain mail of cold resistance
 F - a fire dragon hide
 O - a +1 plate armour of poison resistance
 P - a +1 ring mail of cold resistance
 Q - a +1 chain mail of fire resistance (worn)
 S - a swamp dragon hide
 T - a +1 cloak
 U - the +4 hat "Leimod" (worn) {+Inv rPois rF+}
   (Okawaru gifted it to you on level 3 of the Vaults)

   It protects you from fire.
   It protects you from poison.
   It lets you turn invisible.
Jewellery
 d - an uncursed ring of positive energy
 g - the amulet of the Wary Curses (around neck) {rPois Regen+ MP+9 Str+4 SInv, wow}
   (You found it on level 10 of the Dungeon)

   [amulet of regeneration]

   It affects your strength (+4).
   It protects you from poison.
   It affects your magic capacity (+9).
   It lets you see invisible.
   It increases your rate of regeneration.
 t - an uncursed amulet of guardian spirit {unknown}
 C - a ring of sustain attributes (left hand)
 E - an uncursed amulet of regeneration {unknown}
 L - a +3 amulet of reflection {unknown}
 W - a ring of protection from cold (right hand)
Wands
 h - a wand of acid (10/15)
 p - a wand of iceblast (15/15)
 z - a wand of iceblast (7/15)
 R - a wand of iceblast (2/15)
Scrolls
 q - a scroll of recharging
 u - a scroll of immolation
 v - a scroll of silence {unknown}
 w - a scroll of magic mapping
 A - 4 scrolls of remove curse
 J - a scroll of enchant armour {unknown}
 M - a scroll of blinking {unknown}
 V - a scroll of vulnerability {unknown}
Potions
 b - 2 potions of lignification
 i - a potion of beneficial mutation {unknown}
 l - 3 potions of ambrosia
 m - a potion of cancellation
 y - a potion of brilliance {unknown}
 G - a potion of invisibility {unknown}
 H - a potion of berserk rage
 I - a potion of resistance
 K - 3 potions of curing
Comestibles
 f - 8 bread rations
 x - 2 royal jellies


   Skills:
 * Level 21.0(26.0) Fighting
 - Level 22.0(27) Axes
 - Level 9.4(14.4) Armour
 - Level 15.0(20.0) Dodging
 - Level 10.0(15.0) Shields
 - Level 8.0 Invocations


You had 16 spell levels left.
You knew the following spells:

 Your Spells              Type           Power        Failure   Level  Hunger
a - Apportation           Tloc           #.........   99%         1    ##.....


Dungeon Overview and Level Annotations

Branches:
Dungeon (15/15)              Lair (5/6) D:8           Swamp (4/4) Lair:4
 Spider (4/4) Lair:4       Vaults (3/5) D:13         Depths (2/5) D:15
 Temple: D:4-7        Slime: Lair:5-6       Orc: D:9-12       Crypt: Vaults:2-3

Altars:
Dithmenos
Kikubaaqudgha
Okawaru
Qazlal

Shops:
D:7 }   Vaults:3 (

Annotations:
Swamp:4 Lernaean hydra
Depths:2 exclusion: ice statue


Innate Abilities, Weirdness & Mutations

You reflexively headbutt those who attack you in melee.
You have a pair of horns on your head.


Message History

Your base Axes skill increases to level 22!
You slash the freezing wraith!
You headbutt the freezing wraith, but do no damage.
The freezing wraith is severely damaged.
You hit the blizzard demon but do no damage.
You block the freezing wraith's attack. The freezing wraith hits you.
* * * LOW HITPOINT WARNING * * *
The freezing wraith drains your vigour!
You feel yourself slow down.
Unknown command.
Unknown command.
You slash the freezing wraith!
Your headbutt misses the freezing wraith.
The freezing wraith is almost destroyed.
You slice the ettin simulacrum!!
You hit the blizzard demon but do no damage.
You slice the ice beast!!
You slash the quicksilver dragon simulacrum!
The quicksilver dragon simulacrum bites you but does no damage.
The quicksilver dragon simulacrum claws you!
* * * LOW HITPOINT WARNING * * *
The quicksilver dragon simulacrum freezes you!!
You resist.
* * * LOW HITPOINT WARNING * * *
Unknown command.
As you read the scroll of fear, it crumbles to dust.
You assume a fearsome visage.
The ettin simulacrum is unaffected.
The freezing wraith is unaffected.
The ice devil is unaffected.
The blizzard demon is unaffected.
The freezing wraith is unaffected.
The ice devil is unaffected.
The ice statue is unaffected.
The ice beast looks frightened!
The freezing wraith is unaffected.
The quicksilver dragon simulacrum is unaffected.
The blizzard demon gestures at you. The freezing blast engulfs you! You resist.
* * * LOW HITPOINT WARNING * * *
You block the freezing wraith's attack. The freezing wraith hits you!
* * * LOW HITPOINT WARNING * * *
You block the quicksilver dragon simulacrum's attack.
The quicksilver dragon simulacrum misses you.
The ettin simulacrum hits you.
You die...

****,,,≈,......≈...# ############
*8**,,,,,.≈≈≈......###8#8#88#8#8#
,,,*,,,,,≈≈≈≈≈.....#.............
,,,+,,,,≈≈%$$≈≈....'...........))
,,,+,,,,≈≈(8%≈≈....'§............
,,,*,,,,≈≈:..≈≈....#.............
*8**,,,,,≈≈≈≈≈.WW..###8#8#88#8#8#
****≈,,,,.≈≈≈..ZWZ4# ############
*≈≈,,,)....4§@2§#
*≈≈≈,,.....Y§§§≈#
*≈≈≈≈,.....§§§§≈#
******###########


You could see an ice statue, a blizzard demon, 2 ice devils, 3 freezing wraiths,
an ice beast (fleeing), a quicksilver dragon simulacrum and an ettin simulacrum.

Vanquished Creatures
  Saint Roka (Depths:1)
  A profane servitor (Abyss:4)
  A hellephant (Vaults:3)
  A Hell Sentinel (Abyss:4)
  3 tentacled starspawn
  A sphinx (Vaults:3)
  3 ghost moths (Spider:4)
  2 emperor scorpions (Spider:4)
  2 draconian shifters (Abyss:5)
  2 vault wardens
  16 very ugly things
  A draconian annihilator (Abyss:4)
  An ironheart preserver (Vaults:2)
  2 stone giants
  The ghost of Subdon the Carver, a journeyman MiBe of Trog (D:14)
  6 entropy weavers
  2 red draconians (Abyss:4)
  4 dire elephants (Abyss:5)
  2 spark wasps (Spider:4)
  An eidolon (Abyss:4)
  3 ettins
  Josephine (D:13)
  2 fire dragons
  Erolcha (D:10)
  2 ice dragons
  3 rakshasas
  14 hydras
  6 vault guards
  4 ogre magi
  A ghost crab (Swamp:3)
  A catoblepas (D:13)
  5 centaur warriors
  3 tengu warriors
  A deep troll shaman (Depths:1)
  3 alligators
  4 thrashing horrors (Abyss:4)
  A storm dragon zombie (Abyss:4)
  5 wretched stars (Abyss:4)
  2 iron trolls (Depths:1)
  An unseen horror (D:12)
  3 spatial maelstroms
  2 spriggan druids
  A quicksilver dragon simulacrum (Depths:2)
  11 swamp dragons
  9 large abominations (Abyss:4)
  2 wizards
  3 hill giants
  2 deep trolls (Depths:1)
  3 necromancers (D:13)
  2 ironbrand convokers (Vaults:3)
  A mana viper (Abyss:3)
  15 orb spiders
  2 orc knights
  A deep elf mage (D:11)
  An orc sorcerer (Abyss:4)
  A hornet (Spider:4)
  20 wolf spiders
  A stone giant zombie (Abyss:4)
  A griffon (D:12)
  12 ugly things
  16 elephants
  A worldbinder (Abyss:4)
  A moth of wrath (Spider:3)
  A guardian serpent (D:10)
  6 smoke demons
  2 black mambas
  2 torpor snails
  A vault sentinel (Vaults:3)
  A centaur skeleton (D:15)
  An orange demon (Abyss:4)
  A gargoyle (D:11)
  5 spiny frogs
  6 komodo dragons
  A rime drake (Lair:4)
  A tengu conjurer (Depths:1)
  An efreet (D:14)
  A tormentor (Abyss:4)
  A hellwing (Abyss:4)
  4 freezing wraiths
  10 ancient zymes
  5 demonic crawlers
  A red devil (Abyss:4)
  4 trolls
  20 jumping spiders
  11 blink frogs
  2 giant leeches
  6 meliai
  3 two-headed ogres
  2 bog bodies
  5 slime creatures
  8 raiju (Abyss:4)
  A boulder beetle (Vaults:3)
  A polar bear (D:9)
  A flying skull (Abyss:4)
  15 starcursed masses (Abyss:4)
  An air elemental (Abyss:4)
  49 redbacks
  4 spriggans
  15 tarantellas
  5 ynoxinuls (Abyss:4)
  4 water elementals (Depths:1)
  A fire elemental (Abyss:4)
  6 wraiths
  15 yaks
  4 hippogriffs
  2 hungry ghosts
  A neqoxec (Abyss:4)
  A basilisk (Lair:4)
  16 humans (D:13)
  A steam dragon (D:11)
  10 vampire mosquitoes
  3 chaos spawn (Abyss:4)
  4 spatial vortices
  A mottled dragon (D:11)
  15 swamp worms
  3 wargs (D:8)
  7 soldier ants (Spider:3)
  4 water moccasins
  10 swamp drakes
  An eye of draining (Abyss:4)
  5 orc warriors
  2 necrophages
  3 ice beasts (D:8)
  2 phantoms
  13 ogres
  4 wolves
  6 wasps
  12 centaurs
  4 crocodiles
  3 big kobolds
  8 giant frogs
  A scorpion (D:11)
  4 small abominations (Abyss:4)
  5 killer bees
  A wight (Abyss:3)
  An electric eel (Lair:4)
  4 jellies (D:11)
  A centaur zombie (D:11)
  3 crimson imps
  2 quasits
  4 hounds
  7 orc wizards
  6 orc priests
  6 iguanas
  8 worker ants
  13 sheep (Lair:3)
  A hound skeleton (D:7)
  A howler monkey zombie (D:6)
  A worker ant zombie (D:11)
  A howler monkey skeleton (D:6)
  12 river rats
  10 adders
  A white imp (Abyss:4)
  5 oozes
  An adder zombie (D:9)
  A dart slug (D:1)
  A worm (D:2)
  2 giant geckos (D:6)
  36 orcs
  4 giant cockroaches
  2 hobgoblins
  4 jackals (D:3)
  3 kobolds (D:7)
  2 quokkas
  A ball python (D:4)
  A giant gecko skeleton (D:4)
  A jackal zombie (D:5)
  2 rats
  A lurking horror (Abyss:4)
  A plant (Lair:3)
  2 starspawn tentacles (Abyss:3)
765 creatures vanquished.

Vanquished Creatures (others)
  A dire elephant (Abyss:5)
  An alligator (Swamp:2)
  A wasp (Swamp:3)
  An eye of draining (Abyss:4)
  2 orcs
  A fungus (Lair:5)
  A lurking horror (Abyss:4)
  8 starspawn tentacles
  61 starspawn tentacle segments
77 creatures vanquished.

Grand Total: 842 creatures vanquished

Notes
Turn   | Place    | Note
-------+----------+-------------------------------------------
     0 | D:1      | Implojin the Minotaur Fighter began the quest for the Orb.
     0 | D:1      | Reached XP level 1. HP: 19/19 MP: 0/0
    49 | D:1      | Reached skill level 3 in Axes
    61 | D:2      | Reached XP level 2. HP: 26/26 MP: 1/1
   108 | D:3      | Found a faded altar of an unknown god.
   112 | D:3      | Reached skill level 4 in Axes
   140 | D:3      | Found a stormy altar of Qazlal.
   160 | D:3      | Reached XP level 3. HP: 6/31 MP: 2/2
   352 | D:4      | Reached skill level 5 in Axes
   352 | D:4      | Reached XP level 4. HP: 19/39 MP: 3/3
   384 | D:4      | Found a glowing drain.
   423 | D:4      | Reached skill level 6 in Axes
   481 | D:4      | Reached XP level 5. HP: 18/45 MP: 4/4
   497 | Sewer    | Entered a sewer
   576 | D:4      | Found a shadowy altar of Dithmenos.
   591 | D:5      | Entered Level 5 of the Dungeon
   615 | D:5      | Reached skill level 7 in Axes
   636 | D:6      | Noticed a centaur
   656 | D:5      | Noticed a phantom
   688 | D:6      | Noticed an ogre
   699 | D:6      | Reached XP level 6. HP: 31/51 MP: 5/5
   710 | D:6      | Reached skill level 8 in Axes
   865 | D:7      | Got a pair of translucent boots
  1004 | D:7      | Found Dydwun's Gadget Emporium.
  1034 | D:7      | Reached skill level 9 in Axes
  1052 | D:7      | Reached XP level 7. HP: 13/57 MP: 6/6
  1080 | D:7      | hmm
  1085 | D:7      | Identified the +1 pair of boots "Ehezin" {*Drain +Inv rElec Stlth+} (You found it on level 7 of the Dungeon)
  1222 | D:7      | Found an ancient bone altar of Kikubaaqudgha.
  1224 | D:7      | Found an iron altar of Okawaru.
  1320 | D:7      | Became a worshipper of Warmaster Okawaru
  1339 | D:8      | Reached skill level 10 in Axes
  1420 | D:10     | Entered Level 10 of the Dungeon
  1448 | D:10     | Reached skill level 11 in Axes
  1463 | D:10     | Got a transparent sapphire amulet
  1464 | D:10     | Identified the amulet of the Wary Curses {rPois Regen+ MP+9 Str+4 SInv} (You found it on level 10 of the Dungeon)
  1487 | D:10     | Reached * piety under Okawaru
  1487 | D:10     | Reached XP level 8. HP: 19/64 MP: 7/7
  1505 | D:10     | Noticed a guardian serpent
  1509 | D:10     | what the shitttttttttt
  1509 | D:10     | welp
  1509 | D:10     | HP: 1/64 [guardian serpent (7)]
  1512 | D:10     | Killed a guardian serpent
  1512 | D:10     | Reached skill level 12 in Axes
  1932 | D:11     | Reached skill level 5 in Fighting
  1978 | D:11     | Noticed a gargoyle
  1988 | D:11     | Reached skill level 6 in Fighting
  1992 | D:11     | Killed a gargoyle
  1992 | D:11     | Reached skill level 7 in Fighting
  2010 | D:11     | Reached XP level 9. HP: 64/81 MP: 8/8
  2023 | D:11     | Reached skill level 8 in Fighting
  2034 | D:11     | Reached ** piety under Okawaru
  2053 | D:11     | Reached skill level 9 in Fighting
  2077 | D:11     | Noticed a deep elf mage
  2097 | D:11     | Reached skill level 10 in Fighting
  2111 | D:11     | Killed a deep elf mage
  2111 | D:11     | Reached skill level 11 in Fighting
  2245 | D:11     | Identified a scroll of acquirement
  2268 | D:11     | Noticed a hill giant
  2274 | D:11     | Noticed a komodo dragon
  2275 | D:11     | Killed a hill giant
  2275 | D:11     | Reached *** piety under Okawaru
  2275 | D:11     | Reached skill level 12 in Fighting
  2285 | D:11     | Killed a komodo dragon
  2285 | D:11     | Reached skill level 2 in Invocations
  2285 | D:11     | Reached XP level 10. HP: 49/97 MP: 10/10
  2320 | D:11     | Reached skill level 3 in Invocations
  2397 | D:11     | Noticed a centaur warrior
  2406 | D:11     | Killed a centaur warrior
  2406 | D:11     | Reached **** piety under Okawaru
  2406 | D:11     | Reached skill level 5 in Invocations
  2414 | D:11     | Noticed a purple ugly thing
  2414 | D:11     | Noticed a hill giant
  2414 | D:11     | Noticed a five-headed hydra
  2414 | D:11     | Noticed a white ugly thing
  2478 | D:10     | Noticed Erolcha
  2483 | D:10     | Reached skill level 6 in Invocations
  2486 | D:10     | Paralysed by Erolcha for 2 turns
  2608 | D:10     | Killed Erolcha
  2608 | D:10     | Reached ***** piety under Okawaru
  2608 | D:10     | Reached skill level 7 in Invocations
  2710 | D:9      | Reached skill level 8 in Invocations
  2720 | D:9      | Identified the Handbook of Beguiling and Clay
  2756 | D:8      | Reached skill level 4 in Shields
  2824 | D:8      | Found a staircase to the Lair.
  2829 | D:8      | Reached skill level 5 in Shields
  2833 | D:8      | :goodnight sweet mifi
  2851 | D:8      | :hmm
  2851 | D:8      | :rpois amulet
  2851 | D:8      | :fuck it
  2852 | Lair:1   | Entered Level 1 of the Lair of Beasts
  2904 | Lair:2   | Reached skill level 6 in Shields
  2968 | Lair:3   | :i really need to turn off fruit and jerky autopickup in my rc
  2984 | Lair:3   | :lindwurm vault
  2995 | Lair:2   | Received a gift from Okawaru
  2995 | Lair:2   | Reached XP level 11. HP: 90/104 MP: 16/16
  2998 | Lair:2   | Reached skill level 7 in Shields
  3075 | Lair:3   | Reached skill level 8 in Shields
  3143 | Lair:3   | Reached skill level 9 in Shields
  3149 | Lair:3   | Reached skill level 10 in Shields
  3152 | Lair:3   | Received a gift from Okawaru
  3152 | Lair:3   | Reached skill level 2 in Dodging
  3153 | Lair:3   | Got an ancient broad axe {god gift}
  3162 | Lair:3   | Reached skill level 3 in Dodging
  3164 | Lair:3   | Identified the +3 broad axe "Diosayl" {chop, *Noise rPois rC++} (Okawaru gifted it to you on level 3 of the Lair of Beasts)
  3202 | Lair:4   | Reached skill level 4 in Dodging
  3221 | Lair:4   | Found a hole to the Spider Nest.
  3230 | Lair:4   | Reached skill level 5 in Dodging
  3247 | Lair:4   | Reached skill level 6 in Dodging
  3248 | Lair:4   | :hmm
  3248 | Lair:4   | :i'll find the other entrance first
  3312 | Lair:3   | Reached skill level 7 in Dodging
  3389 | Lair:4   | Reached skill level 8 in Dodging
  3396 | Lair:4   | Reached XP level 12. HP: 93/112 MP: 17/17
  3406 | Lair:5   | Reached skill level 9 in Dodging
  3480 | Lair:4   | :swamp??
  3506 | Lair:3   | Reached ****** piety under Okawaru
  3506 | Lair:3   | Reached skill level 10 in Dodging
  3604 | Lair:4   | Found a staircase to the Swamp.
  3619 | Lair:4   | :hmm
  3622 | Swamp:1  | Entered Level 1 of the Swamp
  3639 | Swamp:1  | Noticed a five-headed hydra
  3650 | Swamp:1  | Killed an eight-headed hydra
  3651 | Swamp:1  | :good
  3654 | Swamp:1  | Noticed an eight-headed hydra
  3663 | Swamp:1  | Noticed an alligator
  3666 | Swamp:1  | Killed a 13-headed hydra
  3666 | Swamp:1  | Reached skill level 11 in Dodging
  3677 | Swamp:1  | Killed an alligator
  3677 | Swamp:1  | Received a gift from Okawaru
  3754 | Swamp:1  | Noticed a seven-headed hydra
  3767 | Swamp:1  | Killed a 13-headed hydra
  3767 | Swamp:1  | Reached skill level 12 in Dodging
  3903 | Swamp:1  | Noticed a five-headed hydra
  3913 | Swamp:1  | Reached skill level 13 in Dodging
  3915 | Swamp:1  | Killed a 13-headed hydra
  4019 | Swamp:2  | Noticed an alligator
  4020 | Swamp:2  | Noticed an alligator
  4027 | Swamp:2  | Killed an alligator
  4031 | Swamp:2  | Killed an alligator
  4035 | Swamp:2  | Reached XP level 13. HP: 86/118 MP: 18/18
  4068 | Swamp:3  | Reached skill level 14 in Dodging
  4100 | Swamp:4  | Entered Level 4 of the Swamp
  4137 | Swamp:4  | Received a gift from Okawaru
  4138 | Swamp:4  | Got a steaming executioner's axe {god gift}
  4159 | Swamp:4  | Reached skill level 15 in Dodging
  4228 | Swamp:4  | Reached skill level 4 in Armour
  4234 | Swamp:4  | Reached skill level 5 in Armour
  4242 | Swamp:4  | Reached skill level 6 in Armour
  4252 | Swamp:4  | Reached skill level 7 in Armour
  4259 | Swamp:4  | Received a gift from Okawaru
  4273 | Swamp:4  | Reached skill level 8 in Armour
  4278 | Swamp:4  | Noticed the 27-headed Lernaean hydra
  4290 | Swamp:4  | Reached skill level 9 in Armour
  4296 | Swamp:4  | HP: 5/118 [the 27-headed Lernaean hydra (5)]
  4296 | Swamp:4  | HP: 1/118 [the 27-headed Lernaean hydra (4)]
  4297 | Swamp:4  | dang
  4314 | Swamp:3  | hum
  4314 | Swamp:3  | :okay
  4314 | Swamp:3  | :clearing spider for resources to do this?
  4314 | Swamp:3  | maybe
  4487 | Lair:4   | asdfghjkl
  4565 | Lair:4   | Identified the +5 executioner's axe of Unreason {antimagic, rN+ Str+6} (Okawaru gifted it to you on level 4 of the Swamp)
  4592 | Spider:1 | Entered Level 1 of the Spider Nest
  4595 | Spider:1 | Noticed an entropy weaver
  4607 | Spider:1 | :regen isn't on the % window anymore???
  4607 | Spider:1 | Upgraded the game from 0.19-a0-835-gf140595 to 0.19-a0-854-gc78d25d
  4607 | Spider:1 | Killed an entropy weaver
  4681 | Spider:1 | Noticed an entropy weaver
  4689 | Spider:1 | Killed an entropy weaver
  4692 | Spider:1 | Reached skill level 13 in Fighting
  4852 | Spider:2 | Reached XP level 14. HP: 115/129 MP: 19/19
  4927 | Spider:3 | Noticed an entropy weaver
  4937 | Spider:3 | Reached skill level 13 in Axes
  4966 | Spider:2 | Killed an entropy weaver
  5101 | Spider:3 | Reached skill level 14 in Axes
  5168 | Spider:3 | Received a gift from Okawaru
  5196 | Spider:3 | Noticed an entropy weaver
  5211 | Spider:3 | Killed an entropy weaver
  5211 | Spider:3 | Reached skill level 15 in Axes
  5247 | Spider:3 | Noticed an entropy weaver
  5248 | Spider:3 | Noticed an entropy weaver
  5259 | Spider:3 | Killed an entropy weaver
  5282 | Spider:3 | Killed an entropy weaver
  5311 | Spider:4 | Entered Level 4 of the Spider Nest
  5340 | Spider:4 | Received a gift from Okawaru
  5340 | Spider:4 | Reached skill level 16 in Axes
  5623 | Spider:4 | Reached skill level 17 in Axes
  5638 | Spider:4 | Received a gift from Okawaru
  5676 | Spider:4 | Noticed a ghost moth
  5681 | Spider:4 | Reached XP level 15. HP: 133/137 MP: 11/20
  5693 | Spider:4 | Reached skill level 14 in Fighting
  5694 | Spider:4 | Killed a ghost moth
  5726 | Spider:4 | Received a gift from Okawaru
  5739 | Spider:4 | Noticed a ghost moth
  5740 | Spider:4 | Noticed a ghost moth
  5748 | Spider:4 | Received a gift from Okawaru
  5756 | Spider:4 | Killed a ghost moth
  5766 | Spider:4 | Killed a ghost moth
  5766 | Spider:4 | Reached skill level 15 in Fighting
  5809 | Spider:4 | Got a gossamer rune of Zot
  6231 | Swamp:4  | Reached skill level 16 in Fighting
  6314 | Swamp:4  | Got a decaying rune of Zot
  6508 | Lair:4   | :still no dig ;_;
  6880 | D:13     | Noticed Josephine
  6893 | D:13     | Killed Josephine
  6905 | D:13     | Reached skill level 17 in Fighting
  6991 | D:13     | Received a gift from Okawaru
  7006 | D:13     | Found a gate to the Vaults.
  7041 | Vaults:1 | Entered Level 1 of the Vaults
  7086 | Vaults:2 | Reached skill level 18 in Fighting
  7089 | Vaults:2 | Noticed a vault warden
  7097 | Vaults:2 | Killed a vault warden
  7142 | Vaults:3 | Noticed a vault warden
  7142 | Vaults:3 | Noticed a sphinx
  7148 | Vaults:3 | Reached XP level 16. HP: 157/157 MP: 21/21
  7150 | Vaults:3 | Killed a sphinx
  7257 | Vaults:3 | Reached skill level 19 in Fighting
  7267 | Vaults:3 | Found Ejasik's Antique Weapon Shop.
  7290 | Vaults:3 | Received a gift from Okawaru
  7291 | Vaults:3 | Got a blackened hat {god gift}
  7311 | Vaults:3 | Identified the +4 hat "Leimod" {+Inv rPois rF+} (Okawaru gifted it to you on level 3 of the Vaults)
  7396 | Vaults:3 | Cast into level 3 of the Abyss (an ogre mage)
  7400 | Abyss:3  | Noticed a tentacled starspawn
  7438 | Abyss:3  | Noticed a tentacled monstrosity
  7439 | Abyss:3  | Noticed a tentacled starspawn
  7448 | Abyss:3  | Killed a tentacled starspawn
  7457 | Abyss:3  | :hmm
  7457 | Abyss:3  | :okay
  7457 | Abyss:3  | :vamp + regen
  7457 | Abyss:3  | :+sustab
  7457 | Abyss:3  | :hum
  7457 | Abyss:3  | :abyss is probably not bad but levelrng might fuck turns
  7610 | Abyss:4  | Reached skill level 20 in Fighting
  7803 | Abyss:4  | Noticed a profane servitor
  7830 | Abyss:4  | :dang
  7837 | Abyss:4  | Reached skill level 21 in Fighting
  7852 | Abyss:4  | Killed a profane servitor
  8038 | Abyss:4  | Reached skill level 18 in Axes
  8038 | Abyss:4  | Reached XP level 17. HP: 151/173 MP: 22/22
  8147 | Abyss:4  | Noticed a Hell Sentinel
  8169 | Abyss:4  | Killed a Hell Sentinel
  8212 | Abyss:4  | Reached skill level 19 in Axes
  8218 | Abyss:4  | Received a gift from Okawaru
  8321 | Abyss:5  | Entered Level 5 of the Abyss
  8321 | Abyss:5  | Noticed a hellephant
  8344 | Abyss:5  | Reached skill level 20 in Axes
  8358 | Abyss:5  | Noticed a hellephant
  8398 | Abyss:5  | Found a corrupted altar of Lugonu.
  8405 | Abyss:5  | Got an abyssal rune of Zot
  8419 | Vaults:3 | Escaped the Abyss
  8431 | Vaults:3 | Killed a hellephant
  8621 | D:14     | Noticed Subdon's ghost (journeyman MiBe)
  8633 | D:14     | Killed Subdon's ghost
  8683 | D:14     | You fall through a shaft!
  8683 | D:15     | Entered Level 15 of the Dungeon
  8707 | D:15     | Learned a level 1 spell: Apportation
  8804 | D:15     | Reached skill level 21 in Axes
  8842 | D:15     | Found a staircase to the Depths.
  8850 | Depths:1 | Entered Level 1 of the Depths
  8858 | Depths:1 | Received a gift from Okawaru
  8883 | Depths:1 | Noticed Saint Roka
  8911 | Depths:1 | Reached XP level 18. HP: 170/182 MP: 23/23
  8923 | Depths:1 | Killed Saint Roka
  9001 | Depths:2 | Reached skill level 22 in Axes
  9004 | Depths:2 | HP: 8/182 [blizzard demon/freezing blast (14)]
  9004 | Depths:2 | HP: 1/182 [freezing wraith (7)]
  9004 | Depths:2 | Slain by an ettin simulacrum

Vault maps used:
D:1:      matt_arrival_los_fun, minmay_misc_feat_rugged
D:2:      lemuel_doored_altar, marbit_many_paths, first_bread,
          hangedman_decor_diamond_cutter, uniq_natasha
D:3:      lemuel_crystal_altar, grunt_qazlal_clouds, ecumenical_altar_2
D:4:      lemuel_coloured_pillars_altar, overflow_temple_1_default,
          gup_sewer_entry_glass
D:5:      zin_angel, basic_altar, uniq_sigmund
D:6:      lemuel_crystal_altar
D:7:      nicolae_overflow_hidden_temple, serial_shops,
          nicolae_shop_behind_doors
D:8:      evilmike_ruin_ashenzari, erik_lair_orcish_takeover
D:9:      grunt_temple_overflow_champion_of_chaos, hangedman_fish_farm
D:10:     minivault_5, nrook_guardian_serpent_double, uniq_erolcha
D:11:     minmay_quarter_circles
D:12:     hiddenorc1_lemuel
D:13:     grunt_vaults_entry_tiered, kennysheep_boxes, uniq_josephine
D:14:     kennysheep_cross_room, grunt_ministairs_4
D:15:     grunt_enter_depths_hoard, serial_bayou_pond_e, grunt_dithmenos_smoke
Lair:1:   lab_entry_generic, infiniplex_staircase_pool_2
Lair:2:   minivault_25
Lair:3:   serial_bayou_pond_c, grunt_forest_small_clearings,
          minmay_lindwurm_lava, infiniplex_staircase_pool, lemuel_fruit_tree
Lair:4:   nicolae_swamp_entry_splash_gauntlet, spider_nest_entry_a
Lair:5:   minmay_lair_oklob_chamber, uniq_nessos
Swamp:1:  portal_ice_cave_entry_ice_statue_one, hangedman_swamp_ruin_hall
Swamp:2:  evilmike_swamp_ruin_house_2
Swamp:3:  hangedman_swamp_cone, nicolae_swamp_very_dense_foliage
Swamp:4:  swamp_old_school
Spider:1: einodemon_crawler_minivault
Spider:2: nicolae_arachne_temple
Spider:3: zaba_antful_of_joy
Spider:4: spider_rune_water, spider_trap
Vaults:1: nicolae_vaults_angled_halls, grunt_vaults_swirl,
          ontoclasm_vaults_loading_screen, hangedman_vaults_cutoff,
          ontoclasm_vaults_tryst, vaults_standard_mumra_x,
          dpeg_vaults_monster_box, vaults_mumra_minichess, vaults_room_hallway,
          serial_shops, shop_fountains
Vaults:2: v_pattern_3, nicolae_vaults_little_squares_6,
          minmay_crypt_entry_simple_corners, v_misc_24,
          nicolae_vaults_lopsided_apartments, v_misc_26, v_misc_16,
          ontoclasm_vaults_fault, v_rooms_1, nicolae_vaults_triangles,
          vaults_dpeg_hooks, vaults_room_corners, ontoclasm_vaults_misaligned,
          serial_shops, nicolae_shop_behind_doors
Vaults:3: vaults_room_door_ring, v_alt_pattern_1, st_diamondy, v_misc_2,
          nicolae_vaults_little_squares_5, nicolae_vaults_network_periphery,
          v_pattern_4, vaults_room_hallway, ontoclasm_vaults_twist,
          vaults_room_corners, serial_shops, shop, uniq_frederick
Depths:1: hangedman_decor_points, grunt_hell_entry_dis_grunt,
          kilobyte_rumbling_trees, uniq_saint_roka, uniq_nikola
Depths:2: grunt_profane_halls, hell_entry
Abyss:3:  guppyfry_abyss_exit_glass_guarded
Abyss:4:  due_evilmike_abyss_rune_seething_liches
Abyss:5:  hangedman_abyss_mock_shop, minivault_13,
          evilmike_abyss_rune_elephants_shrine
Sewer:    sewer_co_tree

Skill      XL: |  1  2  3  4  5  6  7  8  9 10 11 12 13 14 15 16 17 18 |
---------------+-------------------------------------------------------+-----
Axes           | 3 4 5 6 7 9 11 12 17 18 21 22 | 22.0
Fighting       | 7 12 13 18 21 | 21.0
Invocations    | 2 8 |  8.0
Shields        | 6 10 | 10.0
Dodging        | 8 13 15 | 15.0
Armour         | 9 |  9.4

Action                   |  1- 3 |  4- 6 |  7- 9 | 10-12 | 13-15 | 16-18 || total
-------------------------+-------+-------+-------+-------+-------+-------++-------
Melee: War axe           |    44 |   133 |   151 |   164 |       |       ||   492
       Headbutt          |     7 |    24 |    33 |   113 |   217 |   224 ||   618
       Hand axe          |       |       |    14 |       |       |       ||    14
       Broad axe         |       |       |       |   177 |   748 |   686 ||  1611
Throw: Javelin           |       |       |     1 |    10 |    12 |       ||    23
       Tomahawk          |       |       |       |       |     1 |       ||     1
Invok: Heroism           |       |       |    10 |    21 |    34 |    27 ||    92
       Finesse           |       |       |       |     5 |    12 |    12 ||    29
  Use: Potion            |     1 |     2 |     2 |     4 |     4 |     4 ||    17
       Scroll            |     1 |     4 |     4 |     9 |     7 |     4 ||    29
 Stab: Distracted        |       |       |     2 |       |       |       ||     2
       Sleeping          |       |       |       |     2 |       |       ||     2
  Eat: Chunk             |       |     1 |       |     3 |     3 |     1 ||     8
       Meat ration       |       |       |     2 |     1 |     2 |     1 ||     6
       Bread ration      |       |       |       |       |       |     1 ||     1
Armor: Scale mail        |    18 |       |       |       |       |       ||    18
       Ring mail         |     1 |    38 |    49 |    51 |       |       ||   139
       Chain mail        |       |       |       |    34 |   225 |   163 ||   422
       Troll leather arm |       |       |       |       |     3 |       ||     3
Dodge: Dodged            |    15 |    32 |    56 |   191 |   568 |   379 ||  1241
Block: Shield            |    30 |    61 |    89 |   242 |   564 |   420 ||  1406

Table legend:
 A = Turns spent in this place as a percentage of turns spent in the entire game.
 B = Non-inter-level travel turns spent in this place as a percentage of non-inter-level travel turns spent in the entire game.
 C = Inter-level travel turns spent in this place as a percentage of turns spent in this place.
 D = Turns resting spent in this place as a percentage of non-inter-level travel turns spent in this place.
 E = Turns spent auto-exploring this place as a percentage of non-inter-level travel turns spent in this place.
 F = Non-inter-level travel turns spent in this place divided by the number of levels of this place that you've seen.
                   A       B       C       D       E      F
               +-------+-------+-------+-------+-------+----------------------
         Total | 100.0 | 100.0 |   0.0 |   0.3 |   0.0 | 254.3
       Dungeon |  36.7 |  36.7 |   0.0 |   0.2 |   0.0 | 230.0
          Lair |  12.8 |  12.8 |   0.0 |   0.0 |   0.0 | 240.6
         Swamp |  14.1 |  14.1 |   0.0 |   0.5 |   0.0 | 332.5
   Spider Nest |  15.3 |  15.3 |   0.0 |   0.4 |   0.0 | 360.2
        Vaults |   5.0 |   5.0 |   0.0 |   0.0 |   0.0 | 157.0
        Depths |   2.3 |   2.3 |   0.0 |   0.0 |   0.0 | 108.0
         Abyss |  13.8 |  13.8 |   0.0 |   0.3 |   0.0 | 431.3
         Sewer |   0.0 |   0.0 |   0.0 |   0.0 |   0.0 |   4.0
               +-------+-------+-------+-------+-------+----------------------

Table legend:
 A = Kills in this place as a percentage of kills in entire the game.
 B = Kills by you in this place as a percentage of kills by you in the entire game.
 C = Kills by friends in this place as a percentage of kills by friends in the entire game.
 D = Other kills in this place as a percentage of other kills in the entire game.
 E = Experience gained in this place as a percentage of experience gained in the entire game.
 F = Experience gained in this place divided by the number of levels of this place that you have seen.
                   A       B       C       D       E      F
               +-------+-------+-------+-------+-------+----------------------
         Total | 100.0 | 100.0 |  -nan | 100.0 | 100.0 | 8172.9
       Dungeon |  27.5 |  27.5 |  -nan |  25.0 |  12.1 | 2447.3
          Lair |  11.5 |  11.6 |  -nan |   0.0 |   5.4 | 3283.4
         Swamp |  11.0 |  10.8 |  -nan |  50.0 |  12.6 | 9530.8
   Spider Nest |  19.8 |  19.9 |  -nan |   0.0 |  21.1 | 15961.2
        Vaults |   5.6 |   5.7 |  -nan |   0.0 |   9.8 | 9908.0
        Depths |   5.6 |   5.7 |  -nan |   0.0 |   7.7 | 11585.0
         Abyss |  19.0 |  18.9 |  -nan |  25.0 |  31.2 | 31469.7
               +-------+-------+-------+-------+-------+----------------------
